 Dungeon Crawl Stone Soup version 0.25-a0-424-g80bd347 (webtiles) character file.

Game seed: 4396434520059189673, levelgen mode: deterministic

17049 GSOfool the Severer (level 12, -5/94 HPs)
             Began as a Minotaur Berserker on Jan 23, 2020.
             Was a Priest of Trog.
             Slain by a death knight
             ... wielding a +4 halberd
              (19 damage)
             ... on level 11 of the Dungeon.
             The game lasted 01:06:12 (15308 turns).

GSOfool the Severer (Minotaur Berserker)           Turns: 15308, Time: 01:06:12

Health: -5/94      AC: 16    Str: 25    XL:     12   Next: 15%
Magic:  0/11       EV: 14    Int:  4    God:    Trog [***...]
Gold:   681        SH:  0    Dex: 12    Spells: 11/11 levels left

rFire    x . .     SeeInvis +   G - +1 battleaxe (flame)
rCold    + + .     Gourm    .   (shield currently unavailable)
rNeg     . . .     Faith    .   A - +1 ice dragon scales
rPois    +         Spirit   +   (helmet restricted)
rElec    .         Reflect  .   I - scarf {Spirit}
rCorr    .         Harm     .   (no gloves)
MR       ++...                  K - +0 pair of boots
Stlth    ..........             (no amulet)
HPRegen  1.25/turn              a - ring of poison resistance
MPRegen  0.12/turn              D - ring of see invisible

@: starving, regenerating (expiring)
A: retaliatory headbutt, horns 2
a: Berserk, Trog's Hand, Renounce Religion


You were on level 11 of the Dungeon.
You worshipped Trog.
Trog was most pleased with you.
You were starving.

You visited 1 branch of the dungeon, and saw 12 of its levels.

You collected 681 gold pieces.

Inventory:

Hand Weapons
 b - a +5 antimagic battleaxe
 n - a +2 spear of freezing
 q - a +4 quarterstaff of chaos
 B - a +5 vorpal broad axe
 G - a +1 battleaxe of flaming (weapon)
Armour
 f - a scarf of resistance
 y - a +0 plate armour
 A - +1 ice dragon scales (worn)
 I - a scarf of spirit shield (worn)
 K - a +0 pair of boots (worn)
Jewellery
 a - a ring of poison resistance (left hand)
 h - an uncursed ring of protection from fire
 D - a ring of see invisible (right hand)
 E - an uncursed ring of fire
Wands
 p - a wand of flame (16)
 F - a wand of scattershot (5)
 H - a wand of iceblast (24)
 J - a wand of acid (9)
 L - a wand of enslavement (7)
Scrolls
 d - 3 scrolls of fog
 e - 2 scrolls of immolation
 i - a scroll of holy word
 m - 2 scrolls of enchant armour
 o - 6 scrolls of remove curse
 w - 3 scrolls of identify
Potions
 g - 4 potions of agility
 j - 3 potions of flight
 k - a potion of resistance
 l - a potion of heal wounds
 s - a potion of curing {unknown}
 t - a potion of invisibility {unknown}
 v - a potion of lignification
 x - a potion of ambrosia
 z - 3 potions of brilliance
 C - a potion of magic {unknown}
Miscellaneous
 M - a sack of spiders
Comestibles
 c - 16 rations


   Skills:
 - Level 5.0 Fighting
 + Level 17.2 Axes
 + Level 12.3 Armour
 + Level 7.6 Dodging
 + Level 2.4 Stealth
 + Level 0.5 Evocations


You had 11 spell levels left.
You didn't know any spells.
Your spell library was empty.

Dungeon Overview and Level Annotations

Branches:
Dungeon (12/15)            Temple (0/1) D:5            Lair (0/6) D:10
    Orc (0/2) D:9

Altars:
Cheibriados
Dithmenos
Elyvilon
Gozag
Hepliaklqana
Makhleb
Okawaru
Sif Muna
Uskayaw
Yredelemnul
Zin
The Shining One
Beogh

Shops:
D:8 *   D:10 =


Innate Abilities, Weirdness & Mutations

You reflexively headbutt those who attack you in melee.
You have a pair of horns on your head.


Message History

There is a stone staircase leading up, spattered with blood here.
The death knight hits you with a +4 halberd!!
You climb upwards.
There is a stone staircase leading down, spattered with blood here.
The death knight barely misses you.
The death knight's dark mirror aura disappears.
You see here a +0 giant spiked club.
You feel much better.
The death knight hits you from afar with a +4 halberd!
Your skin crawls.
You feel resistant to hostile enchantments.
You are starving!
The death knight hits you from afar with a +4 halberd!!
* * * LOW HITPOINT WARNING * * *
The death knight barely misses you.
You feel the effects of Trog's Hand fading.
The death knight hits you from afar with a +4 halberd!!
* * * LOW HITPOINT WARNING * * *
The death knight hits you from afar with a +4 halberd!!
You die...

.................# #...# ###
.................# ####..### #
.............##### #.......# #
.............########.##.>#.# #
......................###.#.# #
......................# #.#.#####
......................# #.#......
......................###.#######
................@.......#......#
##......##...............).....#
#......##........p............#
#....(.#######................#
#......# #...............##
#......# #...............#
#[.....# #################
########


You could see a death knight.

Vanquished Creatures
  3 two-headed ogres
  The ghost of mickey the Fighter, a novice MiBe of Trog (D:7)
  An unseen horror (D:11)
  A phantasmal warrior (D:11)
  3 ugly things
  Joseph (D:7)
  Maggie (D:9)
  3 kobold demonologists
  2 trolls
  Prince Ribbit (D:6)
  A hippogriff (D:6)
  2 wraiths
  A spriggan (D:10)
  A vampire (D:12)
  A wyvern (D:10)
  A basilisk (D:10)
  16 yaks
  A hungry ghost (D:12)
  A soldier ant (D:11)
  An ice beast (D:5)
  3 orc warriors
  4 porcupines (D:10)
  4 sky beasts
  A phantom (D:4)
  A necrophage (D:9)
  14 ogres
  4 centaurs
  4 crocodiles
  7 big kobolds
  Blork the orc (D:5)
  4 bullfrogs
  A gnoll sergeant (D:4)
  4 scorpions
  3 wights (D:11)
  7 killer bees
  2 electric eels (D:10)
  3 howler monkeys (D:10)
  A bullfrog zombie (D:11)
  3 crimson imps
  A jelly (D:6)
  7 hounds
  Crazy Yiuf (D:2)
  7 orc priests
  3 bullfrog skeletons
  4 gnoll shamans (D:7)
  3 iguanas
  10 orc wizards
  7 worker ants
  A killer bee zombie (D:8)
  A hound zombie (D:6)
  A worker ant zombie (D:9)
  18 adders
  18 gnolls
  3 shadow imps
  An ooze (D:5)
  An adder skeleton (D:5)
  An adder zombie (D:7)
  A worm (D:2)
  A dart slug (D:2)
  2 leopard geckos (D:6)
  40 orcs
  7 bats
  3 giant cockroaches
  5 goblins
  13 hobgoblins
  22 jackals
  4 quokkas
  5 frilled lizards
  A jackal skeleton (D:6)
  33 kobolds
  A quokka skeleton (D:4)
  A quokka zombie (D:7)
  7 rats
  9 plants
357 creatures vanquished.

Vanquished Creatures (collateral kills)
  A kobold demonologist (D:10)
1 creature vanquished.

Vanquished Creatures (others)
  A quokka (D:9)
  6 fungi (D:7)
  3 plants
10 creatures vanquished.

Grand Total: 368 creatures vanquished

Notes
Turn   | Place    | Note
-------+----------+-------------------------------------------
     0 | D:1      | GSOfool the Minotaur Berserker began the quest for the Orb.
     0 | D:1      | Reached XP level 1. HP: 19/19 MP: 0/0
   149 | D:1      | Reached XP level 2. HP: 21/27 MP: 1/1
   158 | D:1      | Reached skill level 4 in Axes
   652 | D:1      | Reached ** piety under Trog
  1081 | D:2      | Reached XP level 3. HP: 25/33 MP: 2/2
  1372 | D:2      | Found a runed translucent door.
  1373 | D:2      | Noticed Crazy Yiuf
  1423 | D:2      | Killed Crazy Yiuf
  1423 | D:2      | Reached XP level 4. HP: 21/41 MP: 3/3
  2122 | D:2      | Reached skill level 5 in Axes
  2708 | D:3      | Found an opulent altar of Gozag.
  2820 | D:3      | Reached XP level 5. HP: 47/47 MP: 4/4
  3459 | D:4      | Reached *** piety under Trog
  3509 | D:4      | Reached skill level 5 in Fighting
  3591 | D:4      | Reached skill level 6 in Axes
  3591 | D:4      | Reached XP level 6. HP: 38/56 MP: 5/5
  3946 | D:4      | Reached skill level 1 in Stealth
  4589 | D:4      | Found a glowing silver altar of Zin.
  4647 | D:4      | Reached skill level 7 in Axes
  4647 | D:4      | Reached skill level 5 in Armour
  4647 | D:4      | Reached XP level 7. HP: 52/61 MP: 6/6
  4712 | D:5      | Entered Level 5 of the Dungeon
  4871 | D:5      | Found a staircase to the Ecumenical Temple.
  4934 | D:5      | Noticed Blork the orc
  4946 | D:5      | Killed Blork the orc
  4946 | D:5      | Reached skill level 8 in Axes
  4997 | D:5      | Reached **** piety under Trog
  5082 | D:5      | Reached XP level 8. HP: 37/68 MP: 7/7
  5373 | D:5      | Reached skill level 9 in Axes
  5830 | D:6      | Found a shadowy altar of Dithmenos.
  5834 | D:6      | Found a hide-covered altar of Uskayaw.
  5836 | D:6      | Found a glowing golden altar of the Shining One.
  5838 | D:6      | Found a shimmering blue altar of Sif Muna.
  5839 | D:6      | Found an iron altar of Okawaru.
  6254 | D:6      | Noticed Prince Ribbit
  6272 | D:6      | Killed Prince Ribbit
  6272 | D:6      | Reached skill level 10 in Axes
  6633 | D:7      | Noticed a hippogriff
  6758 | D:6      | Reached XP level 9. HP: 66/74 MP: 8/8
  7187 | D:7      | Reached skill level 5 in Dodging
  7194 | D:7      | Reached ***** piety under Trog
  7194 | D:7      | Received a gift from Trog
  7417 | D:7      | Noticed Joseph
  7431 | D:7      | Killed Joseph
  7431 | D:7      | Reached skill level 11 in Axes
  7680 | D:7      | Reached skill level 10 in Armour
  7797 | D:7      | Found a large runed translucent door.
  7797 | D:7      | Found a large runed translucent door.
  7798 | D:7      | Noticed mickey's ghost (novice MiBe)
  7817 | D:7      | Killed mickey's ghost
  7817 | D:7      | Reached skill level 12 in Axes
  7817 | D:7      | Reached XP level 10. HP: 66/81 MP: 9/9
  7840 | D:7      | Found a hazy altar of Hepliaklqana.
  8758 | D:8      | Found Camugics's General Store.
  8792 | D:8      | Reached skill level 13 in Axes
  9151 | D:8      | Found a burning altar of Makhleb.
  9382 | D:9      | Found a white marble altar of Elyvilon.
  9410 | D:9      | Noticed Maggie
  9423 | D:9      | Killed Maggie
  9423 | D:9      | Received a gift from Trog
  9601 | D:9      | Reached skill level 14 in Axes
 10043 | D:9      | Found a staircase to the Orcish Mines.
 10066 | D:9      | Found a roughly hewn altar of Beogh.
 10193 | D:9      | Noticed a two-headed ogre
 10223 | D:9      | Killed a two-headed ogre
 10223 | D:9      | Reached XP level 11. HP: 57/86 MP: 6/10
 10783 | D:9      | Found a snail-covered altar of Cheibriados.
 10783 | D:9      | Found a basalt altar of Yredelemnul.
 11159 | D:10     | Entered Level 10 of the Dungeon
 11159 | D:10     | Found Jyheedgh's Jewellery Shoppe.
 11279 | D:10     | Reached skill level 15 in Axes
 11402 | D:10     | Noticed a two-headed ogre
 11413 | D:10     | Killed a two-headed ogre
 11639 | D:10     | Found a staircase to the Lair.
 11791 | D:10     | Received a gift from Trog
 12631 | D:11     | Reached skill level 16 in Axes
 12656 | D:11     | Noticed an unseen horror
 12676 | D:11     | Killed an unseen horror
 12862 | D:11     | Noticed a two-headed ogre
 13065 | D:11     | Killed a two-headed ogre
 13365 | D:11     | Noticed a cyan ugly thing
 13381 | D:11     | Killed a cyan ugly thing
 13595 | D:11     | Noticed a red ugly thing
 13604 | D:11     | Killed a red ugly thing
 13604 | D:11     | Reached XP level 12. HP: 63/94 MP: 7/11
 13889 | D:11     | Reached skill level 17 in Axes
 14374 | D:12     | Noticed a death knight
 14902 | D:12     | HP: 1/94 [death knight/+4 halberd (26)]
 15308 | D:11     | Slain by a death knight

Levels and vault maps discovered:
D:1:      psy_arrival_dodecagon, layout_basic, serial_bayou_lagoon_a,
          palyth_stone_intersect
D:2:      layout_loops_cross, uniq_crazy_yiuf_cottage
D:3:      layout_basic, nicolae_gozag_seed_capital, kennysheep_flooded_box
D:4:      cheibrodos_thug_alley, layout_rooms, zin_treasury, lightli_minifort
D:5:      minmay_bubble_buster, layout_rooms, minmay_temple_entry_hall,
          first_ration, uniq_blork_the_orc
D:6:      layout_rooms, grunt_temple_overflow_open, gup_sewer_entry_pipe,
          uniq_prince_ribbit1
D:7:      kennysheep_seaside_town, layout_cave_pools, kennysheep_little_box,
          ebering_ghost_disaster_area, uniq_joseph
D:8:      layout_cave_pools, makhleb_heckhound_becter, serial_shops, shop
D:9:      layout_long_grid, elyvilon_altar_4, gammafunk_temple_overflow_statue,
          minmay_orc_entry_temple_small, uniq_maggie
D:10:     layout_cave_pools, minmay_lair_entry_grove, serial_shops, shop,
          the_bakery, serial_bayou_ford_a
D:11:     layout_basic
D:12:     layout_roguey, gauntlet_entry_generic, serial_shops, shop

Skill      XL: |  1  2  3  4  5  6  7  8  9 10 11 12 |
---------------+-------------------------------------+-----
Axes           | 4 5 6 7 8 10 12 14 16 17 | 17.2
Fighting       | 4 5 |  5.0
Dodging        | 3 4 6 7 |  7.6
Armour         | 3 5 6 8 10 11 12 | 12.3
Stealth        | 1 2 |  2.4
Evocations     | |  0.5

Action                   |  1- 3 |  4- 6 |  7- 9 | 10-12 || total
-------------------------+-------+-------+-------+-------++-------
Melee: Hand axe          |    88 |   117 |   174 |       ||   379
       Headbutt          |    17 |    22 |    32 |    78 ||   149
       Broad axe         |       |       |    48 |   167 ||   215
       Battleaxe         |       |       |       |   253 ||   253
Invok: Berserk           |       |     1 |     1 |       ||     2
       Brothers in Arms  |       |       |       |     3 ||     3
       Trog's Hand       |       |       |       |     1 ||     1
Evoke: Wand              |       |       |       |     7 ||     7
  Use: Scroll            |     1 |     4 |     7 |     8 ||    20
       Potion            |       |     2 |       |     2 ||     4
 Stab: Sleeping          |       |     1 |       |       ||     1
  Eat: Chunk             |     2 |     8 |     7 |     8 ||    25
       Ration            |       |     1 |     1 |     5 ||     7
Armor: Animal skin       |    16 |     1 |       |       ||    17
       Ring mail         |       |    22 |       |       ||    22
       Leather armour    |       |     3 |       |       ||     3
       Skin              |       |     2 |       |       ||     2
       Chain mail        |       |    13 |    22 |       ||    35
       Ice dragon scales |       |       |    98 |   229 ||   327
Dodge: Dodged            |    64 |   100 |   180 |   359 ||   703

Table legend:
 A = Non-vault XP
 B = Vault XP
 C = Vault XP percentage of total XP
 D = Non-vault monster count
 E = Vault monster count
 F = Vault count percentage of total count
                 A         B        C        D         E       F
            +---------+---------+-------+---------+---------+-------
      Total |   17931 |    6425 |  26.4 |     270 |      79 |  22.6
            +---------+---------+-------+---------+---------+-------
        D:1 |      38 |       0 |   0.0 |      23 |       0 |   0.0
        D:2 |      71 |      41 |  36.6 |      18 |       1 |   5.3
        D:3 |      76 |       0 |   0.0 |      18 |       0 |   0.0
        D:4 |     258 |     366 |  58.7 |      17 |      17 |  50.0
        D:5 |     766 |     465 |  37.8 |      20 |       5 |  20.0
        D:6 |     729 |     285 |  28.1 |      22 |       4 |  15.4
        D:7 |    1735 |    2597 |  59.9 |      37 |      28 |  43.1
        D:8 |     457 |      40 |   8.0 |      11 |       1 |   8.3
        D:9 |    3985 |     506 |  11.3 |      27 |       9 |  25.0
       D:10 |    3318 |    2125 |  39.0 |      41 |      14 |  25.5
       D:11 |    5279 |       0 |   0.0 |      30 |       0 |   0.0
       D:12 |    1219 |       0 |   0.0 |       6 |       0 |   0.0
            +---------+---------+-------+---------+---------+-------
